 Dungeon Crawl Stone Soup version 0.32-a0-913-g739538afd8 (console) character file.

Game seed: 175289001418862768

152341 jejorda2 the Spear-Bearer (level 17, -1/138 HPs)
             Began as a Gnoll Berserker on Apr 6, 2024.
             Was a High Priest of Trog.
             Slain by a ghost moth (8 damage)
             ... on level 1 of the Spider Nest on Apr 10, 2024.
             The game lasted 01:46:25 (31948 turns).

jejorda2 the Spear-Bearer (Gnoll Berserker)        Turns: 31948, Time: 01:46:25

Health: -1/138     AC: 27    Str: 27      XL:     17   Next: 58%
Magic:  0/33       EV: 10    Int:  5 (7)  God:    Trog [*****.]
Gold:   1757       SH: 16    Dex: 11 (12) Spells: 40/40 levels left

rFire   + . .        b - +2 trident (vamp)
rCold   + . .        g - +0 kite shield
rNeg    . . .        F - +3 plate armour {rPois}
rPois   +            W - +0 helmet "Ratommis" {rCorr}
rElec   +            w - scarf {repulsion}
rCorr   +            Y - +2 pair of gloves {infuse}
SInv    .            K - +2 pair of boots
Will    +....        e - amulet of reflection Stlth
                     z - ring of Uniblyi {rElec rC+ Str+3}
HPRegen 0.43/turn    i - ring of protection from fire
MPRegen 0.23/turn

%: repel missiles, reflection
@: on berserk cooldown, slowed, very slow
A: fangs 1, strong nose, distributed training
a: Renounce Religion, Berserk, Trog's Hand, Brothers in Arms


You were on level 1 of the Spider Nest.
You worshipped Trog.
Trog was extremely pleased with you.
You visited 4 branches of the dungeon, and saw 23 of its levels.
You also visited: Sewer, Gauntlet and Ice Cave.

You collected 2505 gold pieces.
You spent 748 gold pieces at shops.

Inventory:

Hand Weapons
 a - a +0 trident of flaming
 b - a +2 vampiric trident (weapon)
Missiles
 d - 17 poisoned darts
 o - 4 datura-tipped darts
 v - a throwing net
 x - 5 javelins
 C - 4 darts of dispersal
 D - 10 boomerangs (quivered)
 Q - a curare-tipped dart
 T - 3 silver javelins
Armour
 g - a +0 kite shield (worn)
 w - a scarf of repulsion (worn)
 F - a +3 plate armour of poison resistance (worn)
 K - a +2 pair of boots (worn)
 W - the +0 helmet "Ratommis" (worn) {rCorr}
   (You acquired it on level 14 of the Dungeon)

   rCorr:     It protects you from acid and corrosion.
 Y - a +2 pair of gloves of infusion (worn)
Jewellery
 e - an amulet of reflection (around neck)
 i - a ring of protection from fire (right hand)
 j - a ring of flight
 z - the ring of Uniblyi (left hand) {rElec rC+ Str+3}
   (You found it in an ice cave)

   [ring of protection from cold]

   Str+3:     It affects your strength (+3).
   rC+:       It protects you from cold.
   rElec:     It insulates you from electricity.
Wands
 k - a wand of acid (16)
 n - a wand of digging (6)
 y - a wand of polymorph (13)
 A - a wand of mindburst (35)
 L - a wand of flame (6)
 R - a wand of paralysis (7)
 U - a wand of roots (12)
Scrolls
 f - a scroll of enchant armour
 l - a scroll of fear
 p - 2 scrolls of immolation
 q - 7 scrolls of blinking
 s - 2 scrolls of poison
 H - 2 scrolls of fog
 S - 2 scrolls of summoning
 X - 13 scrolls of teleportation
Potions
 c - 4 potions of cancellation
 t - a potion of attraction
 B - 8 potions of curing
 E - 5 potions of mutation
 G - 2 potions of resistance
 I - 3 potions of haste
 J - 4 potions of enlightenment
 M - 2 potions of ambrosia
 O - 2 potions of heal wounds
 P - 4 potions of might
Miscellaneous
 h - a condenser vane
 N - a phial of floods
 Z - a lightning rod (4/4)


   Skills:
 + Level 13.7 Fighting
 + Level 12.1 Short Blades
 + Level 12.1 Long Blades
 + Level 12.1 Axes
 + Level 12.1 Maces & Flails
 + Level 13.7 Polearms
 + Level 12.1 Staves
 + Level 12.1 Ranged Weapons
 + Level 12.1 Throwing
 + Level 13.0 Armour
 + Level 13.0 Dodging
 + Level 12.1 Stealth
 + Level 12.1 Shields
 + Level 12.1 Unarmed Combat
 + Level 12.1 Spellcasting
 + Level 10.3 Conjurations
 + Level 10.3 Hexes
 + Level 10.3 Summonings
 + Level 10.3 Necromancy
 + Level 10.3 Translocations
 + Level 10.3 Fire Magic
 + Level 10.3 Ice Magic
 + Level 10.3 Air Magic
 + Level 10.3 Earth Magic
 + Level 10.3 Alchemy
 + Level 13.2 Invocations
 + Level 12.1 Evocations
 + Level 11.2 Shapeshifting


You had 40 spell levels left.
You didn't know any spells.
Your spell library was empty.

Dungeon Overview and Level Annotations

Branches:
Dungeon (15/15)            Temple (0/1) D:6            Lair (5/5) D:8
 Shoals (0/4) Lair:3       Spider (1/4) Lair:2        Slime (0/5) Lair:4
    Orc (2/2) D:12            Elf (0/3) Orc:2        Vaults (0/5) D:13
 Depths (0/4) D:15          Sewer (visited)           IceCv (visited)
Gauntlet (visited)

Altars:
Cheibriados
Dithmenos
Fedhas
Gozag
Sif Muna
Trog
Yredelemnul
Beogh

Shops:
D:13 =   D:14 [:(=*   Orc:2 **((

Portals:
Trove: D:11 (give +7 demon blade)

Annotations:
D:14 2 transporters, Toqeudirer's ghost, journeyman DsMo


Innate Abilities, Weirdness & Mutations

You have very sharp teeth.
Your uncanny sense of smell can sniff out nearby items.
Your experience applies equally to all skills.


Message History

You puncture something!
You feel better. Something hits you! Something hits you but does no damage.
You block something's attack.
You puncture something!
You feel you are being watched by something.
You feel your power leaking away.
Something hits you but does no damage. x2
Something stings you but does no damage.
You hit something.
Something hits you but does no damage. x2
Something stings you but does no damage.
You feel you are being watched by something.
Something hits you! Something hits you but does no damage.
You block something's attack.
You miss something.
You feel you are being watched by something.
Something hits you but does no damage. Something hits you!
You feel clumsy.
Something stings you but does no damage.
You barely miss something. You block something's attack. x2
Something stings you but does no damage.
You miss something.
You feel you are being watched by something.
You feel your power leaking away.
Something hits you but does no damage. x2
Something stings you but does no damage.
You hit something. Your bite misses something.
You feel you are being watched by something.
Something hits you but does no damage. Something hits you!
* * * LOW HITPOINT WARNING * * *
You feel dopey. Something stings you.
* * * LOW HITPOINT WARNING * * *
You hit something but do no damage. Your bite misses something.
You feel you are being watched by something.
Something hits you but does no damage. Something hits you!
* * * LOW HITPOINT WARNING * * *
Something stings you but does no damage.
Something hits you!
* * * LOW HITPOINT WARNING * * *
Something hits you!
You die...

.# #....#..^..#....##
##. .
#..#..#..#.......# #.
#............####†..##
#.
#...............#.....#
#.
##......#....#..#....##
##
#######........#....# #
###.#...###..^#
#.......##..##
#..#...†.@#.^###
.#.......#{..^.#
..#..#.#.†.....# .
##......#...##
#...^..#...[#
#..#..#......#
#....#.#....## ..... #
^...# ...^ #####


There were no monsters in sight!

Vanquished Creatures
  Rupert (Lair:5)
  An azure jelly (IceCv)
  An emperor scorpion (Spider:1)
  The ghost of Demp the Severer, a journeyman CoBe of Trog (Orc:2)
  2 quicksilver oozes (IceCv)
  A minotaur (Gauntlet)
  2 dire elephants (Lair:5)
  Snorg (D:10)
  Josephine (Lair:5)
  An ettin (D:15)
  2 hydras
  4 vault guards
  A rakshasa (D:10)
  A jorogumo (Spider:1)
  2 boulder beetles
  5 ogre magi
  6 centaur warriors
  15 two-headed ogres
  A demonic crawler (Spider:1)
  6 death yaks (Lair:5)
  2 occultists (Gauntlet)
  The ghost of bigdog255 the Fighter, a novice MiBe of Trog (D:8)
  An orc high priest (Orc:2)
  A hell knight (D:15)
  A spectral dire elephant (Lair:5)
  2 thrashing horrors (Gauntlet)
  5 skysharks
  A spectral death yak (Lair:5)
  A fire crab (D:8)
  2 skeletal warriors (D:10)
  A deep elf archer (D:13)
  6 orb spiders (Spider:1)
  A spectral anaconda (Lair:5)
  3 pharaoh ants (Spider:1)
  An arcanist (D:14)
  An obsidian bat (Orc:1)
  An obsidian statue (Lair:5)
  3 deep elf pyromancers
  An orc knight (D:12)
  A steelbarb worm (Spider:1)
  4 necromancers
  2 harpies (Lair:3)
  3 wolf spiders
  21 ugly things
  An orc sorcerer (D:13)
  7 cyclopes
  A dire elephant zombie (Lair:5)
  3 manticores
  A meliai (D:10)
  An ice statue (IceCv)
  3 moths of wrath
  20 elephants
  A kobold blastminer (Orc:2)
  The ghost of 601d51SH the Poker, a novice GnCA of Ignis (D:4)
  8 black mambas
  2 torpor snails
  A gargoyle (D:13)
  8 cane toads
  A kobold demonologist (D:11)
  An unseen horror (D:11)
  6 rime drakes
  An efreet (D:15)
  11 komodo dragons
  2 yaktaurs
  2 tengu conjurers
  A freezing wraith (D:15)
  4 trolls
  3 polar bears
  A tyrant leech (Spider:1)
  Grinder (D:4)
  A hornet (D:11)
  5 jumping spiders
  12 tarantellas
  18 blink frogs
  21 slime creatures
  5 culicivoras
  63 yaks
  A fire bat (shapeshifter) (D:14)
  Grum (D:10)
  5 wraiths
  7 wyverns
  7 basilisks
  2 death yak simulacra (Lair:5)
  2 humans
  9 wargs
  10 vampire mosquitoes
  36 redbacks
  2 spectral cane toads (Lair:5)
  20 water moccasins
  An acid dragon (shapeshifter) (D:14)
  3 great orb of eyes simulacra (IceCv)
  Duvessa (D:6)
  Pargi (Sewer)
  18 orc warriors
  An ice beast (shapeshifter) (D:13)
  An ice beast (D:8)
  2 laughing skulls (D:15)
  3 black bears
  17 wolves
  27 ogres
  14 centaurs
  An elephant skeleton (Lair:5)
  2 slime creature simulacra (IceCv)
  3 kobold brigands
  2 phantoms
  A brain worm (Sewer)
  A glowing shapeshifter simulacrum (IceCv)
  2 gnoll sergeants
  A scorpion (D:5)
  15 bullfrogs
  3 small abominations (Gauntlet)
  4 cane toad simulacra (Lair:5)
  5 wights (D:6)
  Dowan (D:6)
  9 killer bees
  4 electric eels (Lair:3)
  11 howler monkeys
  2 bombardier beetles (D:4)
  9 crimson imps
  11 orc priests
  5 jellies
  2 gnoll boudas
  5 hounds
  6 iguanas
  16 orc wizards
  A sleepcap (D:4)
  5 hell rats
  4 shapeshifter simulacra (IceCv)
  17 gnolls
  8 adders
  5 shadow imps
  12 white imps
  2 dart slugs (D:1)
  3 ribbon worms
  97 orcs
  9 endoplasms
  10 giant cockroaches
  8 goblins
  6 hobgoblins
  6 quokkas
  4 ball pythons
  9 bats
  5 frilled lizards
  21 kobolds
  5 rats
887 creatures vanquished.

Vanquished Creatures (collateral kills)
  A quicksilver ooze (IceCv)
  2 dire elephants (Lair:5)
  A hydra (Lair:5)
  A two-headed ogre (D:10)
  6 death yaks (Lair:5)
  A skeletal warrior (D:10)
  3 slime creatures (IceCv)
  6 ugly things (D:14)
  A cane toad (Lair:5)
  3 blink frogs (Lair:3)
  A spriggan (shapeshifter) (D:10)
  8 yaks
  A water moccasin (Lair:3)
35 creatures vanquished.

Vanquished Creatures (others)
  A tengu warrior (D:15)
  2 redbacks (Spider:1)
  An orc wizard (D:8)
  A kobold (Sewer)
  A bat (Orc:2)
6 creatures vanquished.

Grand Total: 928 creatures vanquished

Notes
Turn   | Place    | Note
-------+----------+-------------------------------------------
     0 | D:1      | jejorda2 the Gnoll Berserker began the quest for the Orb.
     0 | D:1      | Reached XP level 1. HP: 23/23 MP: 1/1
   117 | D:1      | Reached XP level 2. HP: 26/29 MP: 2/2
   379 | D:1      | Found a faded altar of an unknown god.
   405 | D:1      | Reached XP level 3. HP: 34/35 MP: 3/3
   745 | D:1      | Reached skill level 1 in Invocations
   751 | D:1      | Reached ** piety under Trog
  1029 | D:2      | Reached skill level 1 in Short Blades
  1029 | D:2      | Reached skill level 1 in Long Blades
  1029 | D:2      | Reached skill level 1 in Axes
  1029 | D:2      | Reached skill level 1 in Maces & Flails
  1029 | D:2      | Reached skill level 1 in Staves
  1029 | D:2      | Reached skill level 1 in Ranged Weapons
  1029 | D:2      | Reached skill level 1 in Throwing
  1029 | D:2      | Reached skill level 1 in Stealth
  1029 | D:2      | Reached skill level 1 in Shields
  1029 | D:2      | Reached skill level 1 in Unarmed Combat
  1029 | D:2      | Reached skill level 1 in Spellcasting
  1029 | D:2      | Reached skill level 1 in Evocations
  1232 | D:2      | Reached skill level 1 in Shapeshifting
  1232 | D:2      | Reached XP level 4. HP: 34/41 MP: 5/5
  1800 | D:3      | Found a blossoming altar of Fedhas.
  1801 | D:3      | Found a shadowy altar of Dithmenos.
  1802 | D:3      | Found a snail-covered altar of Cheibriados.
  1811 | D:3      | Found an opulent altar of Gozag.
  1999 | D:3      | Reached skill level 1 in Conjurations
  1999 | D:3      | Reached skill level 1 in Hexes
  1999 | D:3      | Reached skill level 1 in Summonings
  1999 | D:3      | Reached skill level 1 in Necromancy
  1999 | D:3      | Reached skill level 1 in Translocations
  1999 | D:3      | Reached skill level 1 in Fire Magic
  1999 | D:3      | Reached skill level 1 in Ice Magic
  1999 | D:3      | Reached skill level 1 in Air Magic
  1999 | D:3      | Reached skill level 1 in Earth Magic
  1999 | D:3      | Reached skill level 1 in Alchemy
  2429 | D:4      | Reached XP level 5. HP: 47/47 MP: 7/7
  2434 | D:4      | Noticed Grinder
  2460 | D:4      | Reached XP level 6. HP: 47/53 MP: 8/8
  2469 | D:4      | HP: 2/53 [Grinder (2)]
  2504 | D:4      | Reached skill level 5 in Armour
  2504 | D:4      | Reached skill level 5 in Dodging
  2505 | D:4      | Killed Grinder
  2506 | D:4      | Reached XP level 7. HP: 46/60 MP: 8/10
  2521 | D:4      | Found a glowing drain.
  2675 | Sewer    | Entered a sewer
  2675 | Sewer    | Noticed Pargi
  2701 | Sewer    | Killed Pargi
  2918 | Sewer    | Reached XP level 8. HP: 58/67 MP: 9/12
  3025 | D:4      | Noticed 601d51SH's ghost (novice GnCA)
  3049 | D:4      | Found a runed translucent gate.
  3049 | D:4      | Found a runed translucent gate.
  3050 | D:4      | Found a runed translucent gate.
  3377 | D:4      | Killed 601d51SH's ghost
  3510 | D:5      | Entered Level 5 of the Dungeon
  4105 | D:5      | Found a basalt altar of Yredelemnul.
  4295 | D:6      | Reached XP level 9. HP: 73/73 MP: 14/14
  4687 | D:6      | Reached *** piety under Trog
  4913 | D:6      | Found a staircase to the Ecumenical Temple.
  4998 | D:6      | Found a bloodstained altar of Trog.
  4998 | D:6      | Noticed Duvessa
  5015 | D:6      | Killed Duvessa
  5068 | D:6      | You fall into a shaft and drop 1 floor!
  5186 | D:6      | Noticed Dowan
  5190 | D:6      | Found a shimmering blue altar of Sif Muna.
  5203 | D:6      | Killed Dowan
  5299 | D:7      | Reached skill level 5 in Invocations
  6373 | D:7      | Reached skill level 5 in Short Blades
  6373 | D:7      | Reached skill level 5 in Long Blades
  6373 | D:7      | Reached skill level 5 in Axes
  6373 | D:7      | Reached skill level 5 in Maces & Flails
  6373 | D:7      | Reached skill level 5 in Staves
  6373 | D:7      | Reached skill level 5 in Ranged Weapons
  6373 | D:7      | Reached skill level 5 in Throwing
  6373 | D:7      | Reached skill level 5 in Stealth
  6373 | D:7      | Reached skill level 5 in Shields
  6373 | D:7      | Reached skill level 5 in Unarmed Combat
  6373 | D:7      | Reached skill level 5 in Spellcasting
  6373 | D:7      | Reached skill level 5 in Evocations
  6373 | D:7      | Reached XP level 10. HP: 81/81 MP: 17/17
  6585 | D:8      | Reached **** piety under Trog
  6751 | D:8      | Noticed a fire crab
  6771 | D:8      | Killed a fire crab
  6794 | D:8      | Found a staircase to the Lair.
  7156 | D:8      | Reached skill level 5 in Shapeshifting
  7204 | D:8      | Found a runed translucent gate.
  7204 | D:8      | Found a runed translucent gate.
  7204 | D:8      | Found a runed translucent gate.
  7207 | D:8      | Noticed bigdog255's ghost (novice MiBe)
  7210 | D:8      | Found a roughly hewn altar of Beogh.
  7261 | D:8      | Killed bigdog255's ghost
  7877 | D:9      | Noticed a two-headed ogre
  7882 | D:9      | Killed a two-headed ogre
  7935 | D:9      | Reached skill level 5 in Conjurations
  7935 | D:9      | Reached skill level 5 in Hexes
  7935 | D:9      | Reached skill level 5 in Summonings
  7935 | D:9      | Reached skill level 5 in Necromancy
  7935 | D:9      | Reached skill level 5 in Translocations
  7935 | D:9      | Reached skill level 5 in Fire Magic
  7935 | D:9      | Reached skill level 5 in Ice Magic
  7935 | D:9      | Reached skill level 5 in Air Magic
  7935 | D:9      | Reached skill level 5 in Earth Magic
  7935 | D:9      | Reached skill level 5 in Alchemy
  8003 | D:9      | Reached XP level 11. HP: 88/89 MP: 20/20
  8575 | D:10     | Entered Level 10 of the Dungeon
  8670 | D:10     | Noticed a skeletal warrior
  8700 | D:10     | Killed a skeletal warrior
  8790 | D:10     | Noticed a skeletal warrior
  8791 | D:10     | Noticed a skeletal warrior
  8805 | D:10     | Noticed a centaur warrior
  8819 | D:10     | Killed a centaur warrior
  8820 | D:10     | Killed a skeletal warrior
  9040 | D:10     | Killed a skeletal warrior
  9248 | D:10     | Noticed Snorg
  9263 | D:10     | Killed Snorg
  9269 | D:10     | Noticed a centaur warrior
  9273 | D:10     | Noticed a two-headed ogre
  9277 | D:10     | Noticed a brown ugly thing
  9281 | D:10     | Noticed a cyclops
  9293 | D:10     | Killed a centaur warrior
  9297 | D:10     | Noticed a rakshasa
  9298 | D:10     | Killed a two-headed ogre
  9299 | D:10     | Reached XP level 12. HP: 33/97 MP: 22/22
  9805 | D:10     | Reached skill level 10 in Fighting
  9805 | D:10     | Reached skill level 10 in Polearms
  9831 | D:10     | Noticed Grum
  9847 | D:10     | Killed Grum
  9893 | D:10     | Killed a rakshasa
 10634 | D:11     | Noticed a two-headed ogre
 10644 | D:11     | Killed a two-headed ogre
 10665 | D:11     | Found a portal to a secret trove of treasure.
 11292 | D:12     | Found a staircase to the Orcish Mines.
 11320 | D:12     | Noticed a two-headed ogre
 11337 | D:12     | Killed a two-headed ogre
 11997 | D:12     | Reached ***** piety under Trog
 11998 | D:12     | Reached XP level 13. HP: 104/104 MP: 25/25
 12365 | Lair:1   | Entered Level 1 of the Lair of Beasts
 12482 | Lair:1   | Received a gift from Trog
 13017 | Lair:1   | Identified the +0 ring mail of Pride {^Drain rCorr Int+6}
 13381 | Lair:2   | Found a hole to the Spider Nest.
 13999 | Lair:2   | Reached skill level 10 in Armour
 13999 | Lair:2   | Reached skill level 10 in Dodging
 14617 | Lair:3   | Found a gate leading to a gauntlet.
 14629 | Gauntlet | Entered a Gauntlet
 14629 | Gauntlet | Found a transporter.
 14629 | Gauntlet | Found a large runed translucent door.
 14629 | Gauntlet | Found a large runed translucent door.
 14629 | Gauntlet | Found a large runed translucent door.
 14629 | Gauntlet | Found a large runed translucent door.
 14629 | Gauntlet | Found a large runed translucent door.
 14629 | Gauntlet | Found a large runed translucent door.
 14629 | Gauntlet | Found a runed translucent door.
 14629 | Gauntlet | Found a runed translucent door.
 14629 | Gauntlet | Found a large runed translucent door.
 14629 | Gauntlet | Found a large runed translucent door.
 14629 | Gauntlet | Found a large runed translucent door.
 14629 | Gauntlet | Found a large runed translucent door.
 14629 | Gauntlet | Found a large runed translucent door.
 14629 | Gauntlet | Found a large runed translucent door.
 14632 | Gauntlet | Found a transporter.
 14633 | Gauntlet | Found a large runed translucent door.
 14633 | Gauntlet | Found a large runed translucent door.
 14634 | Gauntlet | Found a runed translucent gate.
 14634 | Gauntlet | Found a runed translucent gate.
 14634 | Gauntlet | Found a runed translucent gate.
 14636 | Gauntlet | Found a transporter.
 14637 | Gauntlet | Found a transporter.
 14637 | Gauntlet | Noticed a quicksilver ooze
 14639 | Gauntlet | Found a transporter.
 14640 | Gauntlet | Found a transporter.
 14648 | Gauntlet | Found a transporter.
 14649 | Gauntlet | Found a transporter.
 14666 | Gauntlet | Noticed a quicksilver ooze
 14670 | Gauntlet | Found a transporter.
 14678 | Gauntlet | Found a transporter.
 14678 | Gauntlet | Found a transporter.
 14680 | Gauntlet | Found a large runed translucent door.
 14680 | Gauntlet | Found a large runed translucent door.
 14681 | Gauntlet | Noticed a green death
 14686 | Gauntlet | Found a transporter.
 14778 | Gauntlet | Found a runed translucent door.
 14887 | Gauntlet | Identified the ring "Doedegod" {^Drain rPois rN+++ Int+6
                  | Dex-3}
 14971 | Gauntlet | Identified the -1 hat of Twilight {Fly rElec rC- Regen+
                  | Dex-2}
 15047 | Gauntlet | Identified the +0 chain mail of Gozag's Grace {rPois Dex+6}
 15047 | Gauntlet | Noticed a minotaur
 15067 | Gauntlet | Killed a minotaur
 15068 | Gauntlet | Reached skill level 10 in Invocations
 15068 | Gauntlet | Reached XP level 14. HP: 80/113 MP: 27/27
 15421 | Lair:3   | Found a staircase to the Shoals.
 16398 | Lair:4   | Found a frozen archway.
 16419 | IceCv    | Entered an ice cave
 16541 | IceCv    | Noticed a quicksilver ooze
 16551 | IceCv    | Killed a quicksilver ooze
 16898 | IceCv    | Noticed a quicksilver ooze
 16904 | IceCv    | Noticed a quicksilver ooze
 16928 | IceCv    | Killed a quicksilver ooze
 17086 | IceCv    | Killed a quicksilver ooze
 17142 | IceCv    | Found a viscous altar of Jiyva.
 17142 | IceCv    | Noticed an azure jelly
 17154 | IceCv    | Killed an azure jelly
 17241 | IceCv    | Got the ring of Uniblyi {rElec rC+ Str+3}
 18263 | Lair:4   | Reached skill level 10 in Short Blades
 18263 | Lair:4   | Reached skill level 10 in Long Blades
 18263 | Lair:4   | Reached skill level 10 in Axes
 18263 | Lair:4   | Reached skill level 10 in Maces & Flails
 18263 | Lair:4   | Reached skill level 10 in Staves
 18263 | Lair:4   | Reached skill level 10 in Ranged Weapons
 18263 | Lair:4   | Reached skill level 10 in Throwing
 18263 | Lair:4   | Reached skill level 10 in Stealth
 18263 | Lair:4   | Reached skill level 10 in Shields
 18263 | Lair:4   | Reached skill level 10 in Unarmed Combat
 18263 | Lair:4   | Reached skill level 10 in Spellcasting
 18263 | Lair:4   | Reached skill level 10 in Evocations
 18445 | Lair:4   | Found a staircase to the Slime Pits.
 18868 | Lair:4   | Reached XP level 15. HP: 105/120 MP: 29/29
 19219 | Lair:5   | Entered Level 5 of the Lair of Beasts
 19318 | Lair:5   | Received a gift from Trog
 19748 | Lair:5   | Noticed Rupert
 19782 | Lair:5   | Killed Rupert
 20318 | Lair:5   | Noticed Josephine
 20340 | Lair:5   | Killed Josephine
 21708 | Lair:5   | Identified the +3 chain mail of Vigal {-Tele rC+ Int+5
                  | Slay+2}
 22068 | Lair:5   | Upgraded the game from 0.32-a0-909-gc671339a80 to
                  | 0.32-a0-913-g739538afd8
 22092 | Lair:4   | Reached skill level 10 in Shapeshifting
 22559 | D:13     | Reached XP level 16. HP: 129/129 MP: 25/30
 22654 | D:13     | Found Eretil's Jewellery Boutique.
 23229 | D:13     | Found a gate to the Vaults.
 23814 | D:14     | Found Viux's Assorted Antiques.
 23818 | D:14     | Bought a scroll labelled VIPHUFEIDE for 34 gold pieces
 23819 | D:14     | Acquired the +0 helmet "Ratommis" {rCorr}
 24130 | D:14     | Found Iviakua's Antique Weapon Boutique.
 24134 | D:14     | Found Lyun's Book Shop.
 24379 | D:14     | Noticed Toqeudirer's ghost (journeyman DsMo)
 24392 | D:14     | Found a transporter.
 24396 | D:14     | Found a transporter.
 24396 | D:14     | Found Viowka's Jewellery Shop.
 24397 | D:14     | Found a bloodstained altar of Trog.
 25056 | D:14     | Found Xuiceogh's Armour Shoppe.
 25159 | D:14     | Bought a +3 plate armour of poison resistance for 714 gold
                  | pieces
 25255 | D:15     | Entered Level 15 of the Dungeon
 26273 | D:15     | Found a staircase to the Depths.
 26806 | Orc:1    | Entered Level 1 of the Orcish Mines
 27003 | Orc:2    | Entered Level 2 of the Orcish Mines
 27424 | Orc:2    | Received a gift from Trog
 27996 | Orc:2    | Noticed Demp's ghost (journeyman CoBe)
 28017 | Orc:2    | Found a transporter.
 28144 | Orc:2    | Found a transporter.
 28289 | Orc:2    | Found a staircase to the Elven Halls.
 28719 | Orc:2    | Reached XP level 17. HP: 137/137 MP: 27/32
 28807 | Orc:2    | Found Xirinuf's Antique Weapon Shop.
 28807 | Orc:2    | Found Damotek's Assorted Antiques.
 28808 | Orc:2    | Found Kir Reile's Weapon Emporium.
 28808 | Orc:2    | Found Oloejoc's Assorted Antiques.
 29134 | Orc:2    | Reached skill level 10 in Conjurations
 29134 | Orc:2    | Reached skill level 10 in Hexes
 29134 | Orc:2    | Reached skill level 10 in Summonings
 29134 | Orc:2    | Reached skill level 10 in Necromancy
 29134 | Orc:2    | Reached skill level 10 in Translocations
 29134 | Orc:2    | Reached skill level 10 in Fire Magic
 29134 | Orc:2    | Reached skill level 10 in Ice Magic
 29134 | Orc:2    | Reached skill level 10 in Air Magic
 29134 | Orc:2    | Reached skill level 10 in Earth Magic
 29134 | Orc:2    | Reached skill level 10 in Alchemy
 29379 | Orc:2    | Killed Demp's ghost
 29673 | Orc:2    | Identified the ring "Racifi" {rPois MP+9 Str+5}
 29675 | Orc:2    | Identified the +5 scimitar "Diprumyss" {drain, rElec Str+2
                  | Int+3 SInv}
 29912 | Spider:1 | Entered Level 1 of the Spider Nest
 30291 | Spider:1 | Identified the +5 buckler of Feasting {rElec rF- Regen+
                  | Stlth+}
 31948 | Spider:1 | Slain by a ghost moth

Illustrated notes

Levels and vault maps discovered:
D:1:      lemuel_arrival_room, layout_basic, serial_curves, eino_curves_02,
          eino_curves_02, hellmonk_ecumenical_altar_pennies_from_heaven,
          minmay_hexomino_f4
D:2:      layout_basic, chequers_garden
D:3:      layout_basic, nicolae_overflow_macrodata_refinement
D:4:      layout_rooms, gup_sewer_entry_glass, gammafunk_ghost_split,
          uniq_grinder
D:5:      layout_cave_pools, nicolae_overflow_hidden_temple
D:6:      layout_rooms, nzn_overflow_gifts_of_might_and_magic, temple_doors_e,
          minmay_misc_feat_columns
D:7:      layout_loops_ring
D:8:      layout_loops_ring, minmay_lair_entry_lava, biasface_ghost_orc_armoury,
          minmay_fire_ice_demons
D:9:      layout_roguey [special_room_orc]
D:10:     minmay_the_grid_square_5x5_3x3 [minmay_the_grid_square_5x5_bridge,
          minmay_the_grid_square_5x5_hourglass,
          minmay_the_grid_square_5x5_two_small,
          minmay_the_grid_square_5x5_one_wall,
          minmay_the_grid_square_5x5_megaprize_open,
          minmay_the_grid_square_5x5_bite, minmay_the_grid_square_5x5_three,
          minmay_the_grid_square_5x5_six_small,
          minmay_the_grid_square_5x5_spiral], layout_small_grid, uniq_grum,
          uniq_snorg
D:11:     layout_irregular_city, nicolae_trove_entry_isolated, minmay_nine_imps
D:12:     layout_irregular_city, david_orc_2
D:13:     layout_cave_pools, grunt_vaults_entry_fortified, serial_shops,
          nicolae_shop_gaudy_bauble
D:14:     layout_basic, serial_glass, glass_columns_c, glass_columns_b,
          glass_columns_a, glass_columns_a, glass_columns_b, glass_columns_a,
          glass_columns_a, glass_columns_a, serial_shops,
          nicolae_shop_peninsula, shop, shop, shop, nicolae_lakefront_shop,
          nicolae_figureground_sparkle, gammafunk_ghost_wrathful_warriors
D:15:     hangedman_depths_entry_civil_slaughter, layout_irregular_city,
          serial_bayou_pond_e
Lair:1:   layout_long_grid, grunt_megastairs_1
Lair:2:   layout_concentric_octagons, spider_nest_entry_a
Lair:3:   layout_cellular_growth, nicolae_shoals_entry_roost,
          gauntlet_entry_generic, serial_bayou_shore_a
Lair:4:   nzn_winding_woodlands_stair_cross
          [nzn_winding_woodlands_5x15_pathside_ponds,
          nzn_winding_woodlands_center_diamonds,
          nzn_winding_woodlands_5x15_garden,
          nzn_winding_woodlands_5x5_perimeter,
          nzn_winding_woodlands_5x5_default, nzn_winding_woodlands_5x15_pool,
          nzn_winding_woodlands_center_garden,
          nzn_winding_woodlands_5x15_parted], layout_long_grid, slime_entry_2,
          portal_ice_cave_entry_pillars_1, beast_lair_carwin_5
Lair:5:   due_jungle_book, layout_small_grid, grunt_megastairs_5,
          uniq_josephine, uniq_rupert
Spider:1: layout_spider_delve, nicolae_spider_swamp_cousins
Orc:1:    layout_diamond_mine
Orc:2:    st_orc_ogre_mass, layout_caves, gammafunk_ghost_berserking_beasts,
          blackcustard_mines_bat_river

Skill      XL: |  1  2  3  4  5  6  7  8  9 10 11 12 13 14 15 16 17 |
---------------+----------------------------------------------------+-----
Invocations    | 1 2 3 4 5 6 7 8 10 11 12 13 | 13.2
Short Blades   | 1 2 3 5 6 7 8 9 10 11 12 | 12.1
Long Blades    | 1 2 3 5 6 7 8 9 10 11 12 | 12.1
Axes           | 1 2 3 5 6 7 8 9 10 11 12 | 12.1
Maces & Flails | 1 2 3 5 6 7 8 9 10 11 12 | 12.1
Staves         | 1 2 3 5 6 7 8 9 10 11 12 | 12.1
Ranged Weapons | 1 2 3 5 6 7 8 9 10 11 12 | 12.1
Throwing       | 1 2 3 5 6 7 8 9 10 11 12 | 12.1
Stealth        | 1 2 3 5 6 7 8 9 10 11 12 | 12.1
Shields        | 1 2 3 5 6 7 8 9 10 11 12 | 12.1
Unarmed Combat | 1 2 3 5 6 7 8 9 10 11 12 | 12.1
Spellcasting   | 1 2 3 5 6 7 8 9 10 11 12 | 12.1
Evocations     | 1 2 3 5 6 7 8 9 10 11 12 | 12.1
Shapeshifting  | 1 2 3 4 5 6 7 8 9 10 11 | 11.2
Conjurations   | 1 2 3 4 5 6 7 8 9 10 | 10.3
Hexes          | 1 2 3 4 5 6 7 8 9 10 | 10.3
Summonings     | 1 2 3 4 5 6 7 8 9 10 | 10.3
Necromancy     | 1 2 3 4 5 6 7 8 9 10 | 10.3
Translocations | 1 2 3 4 5 6 7 8 9 10 | 10.3
Fire Magic     | 1 2 3 4 5 6 7 8 9 10 | 10.3
Ice Magic      | 1 2 3 4 5 6 7 8 9 10 | 10.3
Air Magic      | 1 2 3 4 5 6 7 8 9 10 | 10.3
Earth Magic    | 1 2 3 4 5 6 7 8 9 10 | 10.3
Alchemy        | 1 2 3 4 5 6 7 8 9 10 | 10.3
Armour         | 5 6 7 8 9 10 11 12 13 | 13.0
Dodging        | 5 6 7 8 9 10 11 12 13 | 13.0
Fighting       | 7 8 9 10 11 12 13 | 13.7
Polearms       | 7 8 9 10 11 12 13 | 13.7

Action                     |  1- 3 |  4- 6 |  7- 9 | 10-12 | 13-15 | 16-18 || total
---------------------------+-------+-------+-------+-------+-------+-------++-------
  Melee: Spear             |   170 |   142 |   192 |       |       |       ||   504
         Bite              |     9 |    13 |    59 |   117 |   402 |   204 ||   804
         Morningstar       |       |       |    95 |       |       |       ||    95
         Trident           |       |       |   140 |  1027 |  2337 |  1499 ||  5003
         Dire flail        |       |       |   114 |       |       |       ||   114
         Glaive            |       |       |    17 |       |       |       ||    17
  Throw: Dart              |       |       |    21 |    33 |    99 |    22 ||   175
         Boomerang         |       |       |       |     3 |    54 |    44 ||   101
 Invoke: Berserk           |       |     3 |     5 |    10 |    27 |    18 ||    63
         Trog's Hand       |       |     3 |     8 |     8 |    10 |     8 ||    37
         Brothers in Arms  |       |       |       |     3 |     5 |     2 ||    10
  Evoke: Wand              |       |       |       |     3 |     6 |     3 ||    12
         Condenser vane    |       |       |       |       |     2 |     1 ||     3
    Use: Potion            |       |     1 |     4 |     2 |     1 |     2 ||    10
         Scroll            |       |       |    16 |    12 |     9 |     3 ||    40
   Stab: Invisible         |       |       |     4 |       |       |       ||     4
         Distracted        |       |       |       |     2 |     1 |     1 ||     4
         Sleeping          |       |       |       |       |     1 |       ||     1
         Paralysed         |       |       |       |       |       |     5 ||     5
 Armour: Animal skin       |    30 |       |       |       |       |       ||    30
         Chain mail        |    46 |    46 |   418 |   517 |  1115 |   167 ||  2309
         Ice dragon scales |       |       |       |       |    50 |       ||    50
         Plate armour      |       |       |       |       |       |   579 ||   579
  Dodge: Dodged            |    52 |    19 |   231 |   210 |   482 |   323 ||  1317
         Repelled          |       |       |       |    11 |    12 |    29 ||    52
  Block: Other             |    11 |    19 |    76 |       |       |       ||   106
         Reflection        |       |     1 |     5 |    24 |     9 |    40 ||    79
         Kite shield       |       |       |    29 |   739 |  1546 |  1028 ||  3342

Table legend: (Time is in decaauts)
 A = Elapsed time spent in this place.
 B = Non-inter-level travel time spent in this place.
 C = Inter-level travel time spent in this place.
 D = Time resting spent in this place.
 E = Time spent auto-exploring this place.
 F = Levels seen in this place.
 G = Mean time per level.
                   A        B        C        D        E       F      G
               +--------+--------+--------+--------+--------+-----+--------+
         Total |  31453 |  29479 |   1974 |   2865 |  17609 |  26 | 1209.7 |
       Dungeon |  16634 |  15316 |   1318 |   1058 |  10055 |  15 | 1108.9 |
          Lair |   8550 |   8121 |    429 |    770 |   4566 |   5 | 1710.0 |
   Spider Nest |   1491 |   1455 |     36 |     67 |    907 |   1 | 1491.0 |
  Orcish Mines |   2873 |   2683 |    190 |    335 |   1509 |   2 | 1436.5 |
         Sewer |    302 |    302 |      0 |     30 |    162 |   1 |  302.0 |
      Ice Cave |    967 |    967 |      0 |    411 |    151 |   1 |  967.0 |
      Gauntlet |    635 |    635 |      0 |    190 |    258 |   1 |  635.0 |
               +--------+--------+--------+--------+--------+-----+--------+

Top non-repeatable levels by time:
  Lair:5: 2444 daAuts
   Orc:2: 2377 daAuts
  Lair:4: 2204 daAuts
  Lair:2: 1520 daAuts
Spider:1: 1491 daAuts
    D:14: 1475 daAuts
    D:15: 1425 daAuts
    D:12: 1422 daAuts
     D:9: 1371 daAuts
    D:10: 1330 daAuts
  Lair:3: 1306 daAuts
     D:7: 1278 daAuts
     D:8: 1203 daAuts
    D:11: 1135 daAuts
  Lair:1: 1074 daAuts
